 Dungeon Crawl Stone Soup version 0.25-a0-292-gaa31f04 (webtiles) character file.

Game seed: 4279250561855850872, levelgen mode: deterministic

193 Blackhawk the Distorting Demonspawn (level 5, 0/42 HPs)
             Began as a Demonspawn Abyssal Knight on Dec 15, 2019.
             Was a Believer of Lugonu.
             Succumbed to Crazy Yiuf's poison
             ... on level 3 of the Dungeon.
             The game lasted 00:06:55 (3230 turns).

Blackhawk the Distorting Demonspawn (DsAK)          Turns: 3230, Time: 00:06:56

Health: 0/42       AC:  0    Str: 17 (18) XL:     5   Next: 43%
Magic:  8/8        EV: 20    Int: 13      God:    Lugonu [**....]
Gold:   115        SH:  0    Dex: 18      Spells: 4/4 levels left

rFire    . . .     SeeInvis .   (weapon currently unavailable)
rCold    . . .     Gourm    .   (shield currently unavailable)
rNeg     . . .     Faith    .   (armour currently unavailable)
rPois    .         Spirit   .   (helmet currently unavailable)
rElec    .         Reflect  .   (cloak currently unavailable)
rCorr    .         Harm     .   (gloves currently unavailable)
MR       .....                  (boots currently unavailable)
Stlth    ++........             m - amulet of magic regeneration
HPRegen  0.14/turn              (ring currently unavailable)
MPRegen  0.36/turn              (ring currently unavailable)

@: mighty, lethally poisoned (0 -> -6), bat-form, flying, very quick
A: tiny
a: Depart the Abyss, Bend Space, Renounce Religion


You were on level 3 of the Dungeon.
You worshipped Lugonu.
Lugonu was pleased with you.
You were not hungry.
You were in bat-form.
You visited 1 branch of the dungeon, and saw 3 of its levels.
You visited the Abyss 1 time.

You collected 115 gold pieces.

Inventory:

Hand Weapons
 a - a +1 hand axe (melded)
Armour
 b - a +0 leather armour
 g - a +0 cloak (melded)
 i - a +0 chain mail (melded)
Jewellery
 h - a ring of stealth (melded)
 m - an amulet of magic regeneration (around neck)
Wands
 f - a wand of polymorph (10)
Scrolls
 d - a scroll of fear {unknown}
 e - 2 scrolls of enchant armour {unknown}
 j - a scroll of fog {unknown}
 k - 2 scrolls of remove curse {unknown}
 l - 2 scrolls of identify {unknown}
 n - 2 scrolls of teleportation {unknown}
Comestibles
 c - 7 rations
 o - 4 chunks of flesh


   Skills:
 + Level 3.8 Fighting
 + Level 2.7 Axes
 + Level 2.7 Armour
 + Level 2.2 Dodging
 + Level 4.0 Invocations


You had 4 spell levels left.
You didn't know any spells.
Your spell library was empty.

Dungeon Overview and Level Annotations

Branches:
Dungeon (3/15)

Altars:
Elyvilon


Innate Abilities, Weirdness & Mutations

((You are partially covered in sharp spines.))


Message History

You feel sick.
There is an open translucent door here.
Things that are here:
a +2 quarterstaff of chaos; a +0 cloak; a wand of polymorph (11)
f - a wand of polymorph (11)
* * * LOW HITPOINT WARNING * * *
You feel sick.
Evoke which item? (* to show all) (? for menu, Esc to quit)
Okay, then.
Quiver which item? (- for none, * to show all) (? for menu, Esc to quit)
Okay, then.
You aren't carrying any potions.
Unknown command.
You aren't carrying any potions.
Evoke which item? (* to show all) (? for menu, Esc to quit)
Aiming: Polymorph
Press: ? - help, Shift-Dir - straight line, f - you That beam is likely to hit you.
Continue anyway?
Nothing appears to happen.
You die...

.###.......# ##
######### ####
...##### .......#
...######## ####
...###....## ###..)#
...##......####.b...#
............#..##...#
....###....#.### ####
....# ########
....####
.......############
.......[..........#
..................#
..................#


There were no monsters in sight!

Vanquished Creatures
  Crazy Yiuf (D:3)
  5 gnolls
  3 adders (D:2)
  5 dart slugs
  A leopard gecko (D:2)
  8 orcs (D:3)
  3 giant cockroaches (D:1)
  9 hobgoblins
  5 kobolds
  A quokka (D:3)
  4 bats
  7 frilled lizards
  11 goblins
  8 rats
71 creatures vanquished.

Notes
Turn   | Place    | Note
-------+----------+-------------------------------------------
     0 | Abyss:1  | Blackhawk the Demonspawn Abyssal Knight began the quest for
                  | the Orb.
     0 | Abyss:1  | Reached XP level 1. HP: 18/18 MP: 2/2
    24 | Abyss:1  | Noticed a large abomination
    25 | Abyss:1  | Noticed a chaos spawn
    25 | Abyss:1  | Noticed a deep elf elementalist
    27 | D:1      | Escaped the Abyss
   269 | D:1      | Reached skill level 1 in Dodging
   335 | D:1      | Gained mutation: You are partially covered in sharp spines.
                  | [demonic ancestry]
   335 | D:1      | Reached XP level 2. HP: 16/24 MP: 4/4
   632 | D:1      | Reached * piety under Lugonu
  1053 | D:1      | Reached skill level 3 in Invocations
  1124 | D:1      | Reached XP level 3. HP: 26/29 MP: 5/5
  1872 | D:2      | Reached XP level 4. HP: 26/35 MP: 6/6
  2098 | D:2      | Found a white marble altar of Elyvilon.
  2370 | D:2      | Reached ** piety under Lugonu
  2875 | D:3      | Reached XP level 5. HP: 42/42 MP: 7/7
  2902 | D:3      | Found a faded altar of an unknown god.
  3130 | D:3      | Found a runed translucent door.
  3131 | D:3      | Noticed Crazy Yiuf
  3227 | D:3      | Killed Crazy Yiuf
  3227 | D:3      | Reached skill level 4 in Invocations
  3227 | D:3      | HP: 2/42 [poisoned by Crazy Yiuf]
  3230 | D:3      | Succumbed to Crazy Yiuf's poison

Levels and vault maps discovered:
D:1:      dpeg_arrival_erosion, layout_loops_ring, serial_rivers,
          chequers_serial_rivers_micro_c, chequers_serial_rivers_room_a,
          chequers_serial_rivers_room_a, chequers_serial_rivers_micro_d,
          chequers_serial_rivers_micro_b, st_stairs_10, minmay_worlds_worst_comb
D:2:      layout_basic, lemuel_doored_altar, st_stairs_9,
          guppyfry_early_lair_pool
D:3:      layout_rooms, chequers_ecumenical_altar_simple_redux, first_ration,
          uniq_crazy_yiuf_cottage

Skill      XL: |  1  2  3  4  5 |
---------------+----------------+-----
Dodging        | 1 2 |  2.2
Axes           | 2 |  2.7
Armour         | 2 |  2.7
Invocations    | 3 4 |  4.0
Fighting       | |  3.8

Action                   |  1- 3 |  4- 6 || total
-------------------------+-------+-------++-------
Melee: Hand axe          |    98 |    82 ||   180
       Unarmed           |       |     2 ||     2
Invok: Depart the Abyss  |     1 |       ||     1
Evoke: Wand              |       |     1 ||     1
  Use: Potion            |     2 |     1 ||     3
  Eat: Chunk             |     3 |     4 ||     7
Armor: Leather armour    |    10 |       ||    10
       Chain mail        |    23 |    54 ||    77
Dodge: Dodged            |    37 |    19 ||    56

Table legend:
 A = Non-vault XP
 B = Vault XP
 C = Vault XP percentage of total XP
 D = Non-vault monster count
 E = Vault monster count
 F = Vault count percentage of total count
                 A         B        C        D         E       F
            +---------+---------+-------+---------+---------+-------
      Total |     220 |      56 |  20.3 |      63 |       8 |  11.3
            +---------+---------+-------+---------+---------+-------
        D:1 |      55 |      10 |  15.4 |      26 |       4 |  13.3
        D:2 |     121 |       7 |   5.5 |      20 |       3 |  13.0
        D:3 |      44 |      39 |  47.0 |      17 |       1 |   5.6
            +---------+---------+-------+---------+---------+-------
